Match 24069948
Unlisted

Match 24069948
End
Vickers Machine Gun Team
Construct Section Command Post
Infantry Section
Grenade Package
Infantry Section
Construct Platoon Command Post
Infantry Section
Unlock Bishop Self-propelled Artillery
Unlock M3 Stuart Light Tanks
M3 Stuart Light Tank
M3 Stuart Light Tank
M3 Stuart Light Tank
M3 Stuart Light Tank
M3 Stuart Light Tank
M3 Stuart Light Tank
M3 Stuart Light Tank
M3 Stuart Light Tank
Selects Heavy Armor Battlegroup
Selects Rigorous Vehicle Training
Selects Crusader AA Medium Tank
Selects Light Vehicle Withdraw and Refit
Selects Radio Net
Radio Net
Fairplay
AverRage
Commander Z
wutface
iceman
insane
UH|dun! ツ
UH|XTC
0
0

Comments sign in to comment!

No comments posted yet!